AoeStats
← zephyrutia

Arena

506321054Analyzed
2v2 RM · 20d ago on Sep 13, 2026· 59m 55s· 4 players
Game mode
Random Map
Map size
Medium (4 player)
Population
200
Speed
Normal
Resources
Standard
Victory
Conquest
Starting age
Dark Age
Ending age
Imperial Age
RankedLock teamsTeams togetherTeam positionsShared explorationLock speedFull tech treeHidden civsTurbo modeCheats
Victory
Defeat
🇺🇸 Poles · United States
957
+15
🇩🇪 Britons · Germany
801
+26
🇳🇵 Byzantines · Nepal
949
-57
🇺🇸 Teutons · United States
894
-31
zephyrutia
6:17 Loom
10:07 Feudal Age
15:01 Castle Age
14:21 Double-Bit Axe
14:19 Horse Collar
18:47 Town Watch
25:17 Scale Barding Armor
27:49 Fletching
29:42 Bloodlines
29:44 Bodkin Arrow
33:15 Imperial Age
32:01 Wheelbarrow
32:09 Chain Barding Armor
35:24 Plate Barding Armor
36:01 Cavalier
36:53 Forging
39:15 Scale Mail Armor
39:53 Hand Cart
41:19 Town Patrol
40:50 Heavy Scorpion
43:50 Iron Casting
48:55 Blast Furnace
48:27 Paladin
48:34 Paladin
55:40 Chain Mail Armor
56:58 Crenellations
57:36 Padded Archer Armor
Magikarp
1:45 Loom
11:18 Feudal Age
17:11 Castle Age
19:37 Double-Bit Axe
24:13 Bow Saw
25:54 Stone Mining
25:57 Gold Mining
26:56 Forging
26:40 Fletching
26:51 Padded Archer Armor
26:21 Elite Skirmisher
27:45 Horse Collar
28:22 Thumb Ring
29:43 Bodkin Arrow
30:04 Leather Archer Armor
35:23 Forging
35:13 Scale Mail Armor
35:21 Scale Barding Armor
35:30 Pikeman
36:12 Squires
35:58 Gambesons
35:59 Arson
37:38 Chain Mail Armor
37:58 Iron Casting
40:25 Imperial Age
40:55 Halberdier
41:12 Capped Ram
42:38 Wheelbarrow
43:10 Two-Man Saw
44:50 Plate Mail Armor
45:44 Bracer
49:46 Chain Barding Armor
Borgi1304
9:10 Loom
11:11 Feudal Age
13:22 Double-Bit Axe
19:12 Castle Age
17:53 Gold Mining
25:09 Fletching
26:13 Crossbowman
27:54 Bodkin Arrow
28:53 Bodkin Arrow
28:25 Crossbowman
29:44 Padded Archer Armor
30:14 Bow Saw
29:58 Stone Mining
33:04 Town Watch
34:27 Gold Shaft Mining
36:32 Imperial Age
34:58 Scale Mail Armor
36:23 Pikeman
36:29 Pikeman
38:52 Halberdier
40:33 Horse Collar
41:42 Bracer
41:57 Leather Archer Armor
43:04 Wheelbarrow
42:30 Town Patrol
43:28 Squires
44:31 Ring Archer Armor
44:17 Chain Mail Armor
43:33 Arbalester
46:56 Hand Cart
47:08 Yeomen
46:38 Elite Longbowman
47:46 Ballistics
48:45 Gambesons
49:36 Plate Mail Armor
49:16 Forging
49:21 Siege Engineers
49:32 Warwolf
51:08 Masonry
Runboo
11:01 Feudal Age
11:44 Double-Bit Axe
12:02 Horse Collar
17:33 Castle Age
18:49 Wheelbarrow
18:40 Bow Saw
18:33 Heavy Plow
21:41 Loom
23:21 Forging
26:29 Scale Barding Armor
27:04 Bloodlines
31:59 Imperial Age
31:51 Hand Cart
31:23 Town Watch
32:18 Iron Casting
32:04 Chain Barding Armor
32:35 Cavalier
35:14 Light Cavalry
35:55 Husbandry
36:59 Blast Furnace
35:51 Fletching
36:01 Scale Mail Armor
37:09 Conscription
37:11 Lechitic Legacy
39:04 Szlachta Privileges
39:42 Winged Hussar
40:40 Gold Mining
48:25 Caravan
Connection lost

Rejoining the realm…

Still unreachable

The connection could not be restored.

Session expired

The server has moved on; the page needs a fresh start.